 Dungeon Crawl Stone Soup version 0.25-a0-842-g81a31cfd23 (webtiles) character file.

Game seed: 2298579505829351286, levelgen mode: deterministic

51299 devtcp the Fighter (level 14, -1/133 HPs)
             Began as a Minotaur Berserker on Apr 24, 2020.
             Was the Champion of Trog.
             Succumbed to a +3 double sword of venom's poison
             ... on level 2 of the Elven Halls.
             The game lasted 01:20:16 (15734 turns).

devtcp the Fighter (Minotaur Berserker)            Turns: 15734, Time: 01:20:16

Health: -1/133     AC: 29    Str: 28    XL:     14   Next: 22%
Magic:  4/4        EV: 15    Int:  6    God:    Trog [******]
Gold:   577        SH:  8    Dex: 20    Spells: 13/13 levels left

rFire    . . .     SeeInvis .   w - +1 broad axe (antimagic)
rCold    + + .     Gourm    .   a - +0 buckler "Xodomudd" {rN+ Str+4 Dex+2}
rNeg     + . .     Faith    .   s - +4 plate armour "Lyir Zee" {*Corrode Int+2 Dex+3}
rPois    .         Spirit   .   z - +2 hat
rElec    .         Reflect  +   y - +2 cloak
rCorr    .         Harm     .   b - +0 pair of gloves
MR       +....     Clarity  +   n - +1 pair of boots
Stlth    ..........             q - +4 amulet of reflection
HPRegen  0.32/turn              h - ring of protection from cold
MPRegen  0.09/turn              x - ring of protection from cold

@: lethally poisoned (-1 -> -27), berserk cooldown, stab, slowed, heavily
drained, very slow
A: retaliatory headbutt, horns 2, talons 1, agile 1, clarity, deterioration 1
a: Berserk, Trog's Hand, Brothers in Arms, Renounce Religion


You were on level 2 of the Elven Halls.
You worshipped Trog.
Trog was exalted by your worship.
You were near starving.

You visited 4 branches of the dungeon, and saw 15 of its levels.

You collected 1871 gold pieces.
You spent 1294 gold pieces at shops.

Inventory:

Hand Weapons
 j - the +1 great mace of Punishment {speed, rPois rF+ Str+3 Stlth-}
   (You took it off a two-headed ogre on level 10 of the Dungeon)

   Attacks with this weapon are significantly faster.
   It affects your strength (+3).
   It protects you from fire.
   It protects you from poison.
   It makes you less stealthy.
 w - a +1 antimagic broad axe (weapon)
 R - the cursed +3 dagger of Yhorhan {flame, rElec rF+}
   (You found it on level 10 of the Dungeon)

   It has been specially enchanted to burn those struck by it, causing extra
   injury to most foes and up to half again as much damage against particularly
   susceptible opponents.
   It protects you from fire.
   It insulates you from electricity.
   It has a curse placed upon it.
Missiles
 u - 28 poisoned darts (quivered)
Armour
 a - the +0 buckler "Xodomudd" (worn) {rN+ Str+4 Dex+2}
   (You found it on level 6 of the Dungeon)

   It affects your strength (+4).
   It affects your dexterity (+2).
   It protects you from negative energy.
 b - a +0 pair of gloves (worn)
 n - a +1 pair of boots (worn)
 s - the +4 plate armour "Lyir Zee" (worn) {*Corrode Int+2 Dex+3}
   (You bought it in a shop on level 2 of the Orcish Mines)

   It affects your intelligence (+2).
   It affects your dexterity (+3).
   It may corrode you when you take damage.
 y - a +2 cloak (worn)
 z - a +2 hat (worn)
 Y - a +4 ring mail of magic resistance
Jewellery
 e - an uncursed ring of see invisible
 h - a ring of protection from cold (left hand)
 q - a +4 amulet of reflection (around neck)
 x - a ring of protection from cold (right hand)
Wands
 f - a wand of flame (20)
 v - a wand of digging (6)
 A - a wand of clouds (2)
 D - a wand of acid (5)
 F - a wand of iceblast (19)
 G - a wand of paralysis (4)
 P - a wand of random effects (29)
 V - a wand of disintegration (7) {!d}
Scrolls
 g - a scroll of identify {!d}
 p - a scroll of silence {unknown}
 r - a scroll of remove curse
 t - a scroll of teleportation {!d}
 E - a scroll of brand weapon
 I - a scroll of noise {unknown}
 K - a scroll of blinking {unknown}
 Q - a scroll of fog
 T - 3 scrolls of immolation {!d}
 W - 2 scrolls of enchant weapon
 X - 5 scrolls of amnesia
 Z - 2 scrolls of enchant armour
Potions
 d - a potion of brilliance {unknown}
 k - 3 potions of flight
 l - 2 potions of lignification {unknown}
 m - 3 potions of degeneration {!d}
 B - a potion of ambrosia {!q!d}
 L - 2 potions of stabbing
 O - a potion of might {unknown}
Miscellaneous
 i - a phantom mirror
Comestibles
 c - 26 rations {!d}


   Skills:
 + Level 14.8(12.3) Fighting
 - Level 11.5(10.6) Axes
 + Level 10.4(10.0) Maces & Flails
 + Level 14.6(12.1) Armour
 + Level 13.6(11.1) Dodging


You had 13 spell levels left.
You didn't know any spells.
Your spell library contained the following spells:

 Spells                   Type           Power        Failure   Level  Hunger
 Animate Skeleton         Necr           N/A          99%         1    ##.....
 Magic Dart               Conj           #...         99%         1    ##.....
 Pain                     Necr           #...         99%         1    ##.....
 Sandblast                Erth           #.....       99%         1    ##.....
 Corpse Rot               Necr/Air       N/A          100%        2    ###....
 Gell's Gravitas          Tloc           #.........   100%        3    ####...
 Mephitic Cloud           Conj/Pois/Air  #.......     100%        3    ####...
 Vampiric Draining        Necr           #.........   100%        3    ####...
 Dispel Undead            Necr           #.......     100%        4    #####..
 Excruciating Wounds      Chrm/Necr      #.........   100%        5    ######.
 Summon Forest            Summ/Tloc      #.........   100%        5    ######.
 Iron Shot                Conj/Erth      #.........   100%        6    #######


Dungeon Overview and Level Annotations

Branches:
Dungeon (10/15)            Temple (1/1) D:7            Lair (0/6) D:10
    Orc (2/2) D:10            Elf (2/3) Orc:2

Altars:
Ashenzari
Cheibriados
Dithmenos
Elyvilon
Fedhas
Gozag
Hepliaklqana
Kikubaaqudgha
Makhleb
Nemelex Xobeh
Okawaru
Qazlal
Ru
Sif Muna
Trog
Uskayaw
Vehumet
Wu Jian
Xom
Yredelemnul
Zin
The Shining One
Beogh

Shops:
D:7 =   D:10 ([   Orc:2 *=([

Annotations:
Elf:2 5 runed translucent doors


Innate Abilities, Weirdness & Mutations

You reflexively headbutt those who attack you in melee.
You have a pair of horns on your head.
You have sharp toenails.
You are agile. (Dex +2)
You possess an exceptional clarity of mind.
Your body sometimes deteriorates upon taking damage.


Message History

It was a potion of stabbing.
You feel ready to backstab.
Your surroundings suddenly seem different.
* * * LOW HITPOINT WARNING * * *
You feel very sick.
A +0 short sword of speed comes into view.
The deep elf mage hits you but does no damage.
A deep elf mage comes into view. It is wielding a +0 short sword.
You take 4 damage, and have 6/133 hp.
* * * LOW HITPOINT WARNING * * *
You feel very sick.
The deep elf mage casts a spell.
The deep elf mage blinks!
You take 5 damage, and have 1/133 hp.
Okay, then.
Aiming: Paralyse
Press: ? - help, Shift-Dir - straight line, f - +0 short sword of speed
Aim: a +0 short sword of speed (magic immune)
The +0 short sword of speed is unaffected.
You die...

..# ..#
...............
.(#
#..............
.(#
#..e........#
..# #.........#
..# ##........##
..#
#..........##
..#
##...........#..
..#
#......@.(......
..#
................
..#
................
..#
................
..#
................
..#
................
..#
#...............
..#
##...........#..
..#
#..........###.


You could see a deep elf mage and a +0 short sword of speed.

Vanquished Creatures
  An orc warlord (Orc:1)
  A deep elf annihilator (Elf:2)
  A deep elf death mage (Elf:1)
  The ghost of Thargor the Magician, a journeyman GnEE of Vehumet (D:10)
  Harold (D:7)
  Erica (Orc:1)
  2 two-headed ogres
  5 dancing weapons
  3 death yaks (D:10)
  Urug (Orc:2)
  5 orc high priests (Orc:2)
  The ghost of omer1ben the Destroyer, a novice OpFE of Sif Muna (D:9)
  2 deep elf knights
  An unseen horror (D:10)
  5 deep elf archers
  3 wizards (Elf:2)
  Pikel (D:9)
  An orc knight (Orc:1)
  25 deep elf magi
  3 necromancers (Elf:1)
  4 orc sorcerers
  A cyclops (D:9)
  A moth of wrath (shapeshifter) (Elf:2)
  A moth of wrath (D:9)
  A centaur zombie (D:10)
  Maurice (D:10)
  6 trolls
  A hornet (D:8)
  2 hippogriffs
  3 air elementals
  A wyvern (D:8)
  A water elemental (Elf:2)
  3 large abominations (Elf:1)
  A human (D:7)
  4 hogs (D:7)
  A fire elemental (Elf:2)
  A hungry ghost (D:10)
  2 wargs (Orc:1)
  2 hell hounds (Orc:2)
  2 water moccasins
  Duvessa (D:7)
  2 porcupines (D:10)
  34 orc warriors
  3 ice beasts
  2 black bears
  A sky beast (D:9)
  15 ogres
  3 phantoms
  3 slaves (D:9)
  6 centaurs
  A big kobold (D:10)
  7 bullfrogs
  2 elf zombies (Elf:1)
  A gnoll sergeant (D:7)
  Dowan (D:7)
  An earth elemental (Elf:1)
  A water moccasin zombie (D:6)
  3 scorpions
  3 killer bees (D:10)
  3 wights (D:9)
  6 crimson imps
  4 bullfrog zombies
  4 hounds
  A quasit (D:6)
  A bullfrog skeleton (D:5)
  A gnoll shaman (D:9)
  3 jellies
  17 orc wizards
  14 orc priests
  3 centaur skeletons
  3 iguanas
  Ijyb (D:3)
  Terence (D:3)
  5 worker ants
  3 hell rats (D:10)
  2 hound zombies
  A hound skeleton (D:6)
  11 gnolls
  12 adders
  A river rat (D:10)
  5 shadow imps
  An adder zombie (D:5)
  3 adder skeletons
  2 worms (D:3)
  3 dart slugs
  10 leopard geckos
  96 orcs
  12 bats
  5 giant cockroaches
  14 goblins
  9 hobgoblins
  6 jackals (D:1)
  14 kobolds
  7 quokkas
  A ball python (D:2)
  10 frilled lizards
  A jackal skeleton (D:8)
  A quokka skeleton (D:7)
  5 rats
495 creatures vanquished.

Vanquished Creatures (others)
  A deep elf knight (Elf:2)
  A centaur (D:9)
  7 fungi (Orc:2)
9 creatures vanquished.

Grand Total: 504 creatures vanquished

Notes
Turn   | Place    | Note
-------+----------+-------------------------------------------
     0 | D:1      | devtcp the Minotaur Berserker began the quest for the Orb.
     0 | D:1      | Reached XP level 1. HP: 19/19 MP: 0/0
    60 | D:1      | Reached XP level 2. HP: 27/27 MP: 1/1
   209 | D:1      | Reached XP level 3. HP: 12/33 MP: 2/2
   434 | D:1      | Reached ** piety under Trog
  1238 | D:2      | Reached XP level 4. HP: 40/40 MP: 3/3
  1793 | D:3      | Reached *** piety under Trog
  1822 | D:3      | Found an iron altar of Okawaru.
  1866 | D:3      | Noticed Terence
  1874 | D:3      | Killed Terence
  1874 | D:3      | Reached XP level 5. HP: 47/47 MP: 4/4
  1938 | D:3      | Found a shimmering blue altar of Sif Muna.
  1946 | D:3      | Found a shattered altar of Ashenzari.
  1960 | D:3      | Found a stormy altar of Qazlal.
  1960 | D:3      | Found a glowing silver altar of Zin.
  1965 | D:3      | Found an ancient bone altar of Kikubaaqudgha.
  2006 | D:3      | Reached skill level 5 in Axes
  2502 | D:3      | Noticed Ijyb
  2529 | D:3      | Killed Ijyb
  2529 | D:3      | Reached skill level 5 in Fighting
  2904 | D:4      | Reached XP level 6. HP: 53/56 MP: 5/5
  3623 | D:5      | Entered Level 5 of the Dungeon
  3716 | D:5      | Found a glowing golden altar of the Shining One.
  3983 | D:5      | Reached **** piety under Trog
  4137 | D:5      | Reached skill level 5 in Armour
  4137 | D:5      | Reached XP level 7. HP: 57/62 MP: 6/6
  4226 | D:5      | Reached skill level 5 in Dodging
  4680 | D:6      | Reached XP level 8. HP: 71/71 MP: 7/7
  4976 | D:6      | Found a shimmering altar of Xom.
  5324 | D:6      | Reached ***** piety under Trog
  5375 | D:6      | Got a spiked buckler
  5885 | D:7      | Reached XP level 9. HP: 81/81 MP: 8/8
  5910 | D:7      | Noticed Harold
  5923 | D:7      | Gained mutation: You are dopey. (Int -2) [potion of
                  | mutation]
  5923 | D:7      | Gained mutation: You evolve. [potion of mutation]
  5923 | D:7      | Gained mutation: You have sharp toenails. [potion of
                  | mutation]
  5966 | D:7      | Killed Harold
  6006 | D:7      | Identified the cursed +0 buckler "Xodomudd" {rN+ Str+4
                  | Dex+2} (You found it on level 6 of the Dungeon)
  6024 | D:7      | Noticed Dowan
  6027 | D:7      | Noticed Duvessa
  6043 | D:7      | Killed Duvessa
  6050 | D:7      | Killed Dowan
  6063 | D:7      | Found Dowiwn Astrid's Jewellery Boutique.
  6132 | D:7      | Received a gift from Trog
  6285 | D:7      | Reached XP level 10. HP: 87/91 MP: 9/9
  6333 | D:7      | Found a staircase to the Ecumenical Temple.
  6747 | Temple   | Entered the Ecumenical Temple
  6895 | Temple   | Gained mutation: You possess an exceptional clarity of
                  | mind. [evolution]
  7263 | D:8      | Reached skill level 10 in Axes
  7405 | D:8      | Reached skill level 10 in Fighting
  7769 | D:9      | Gained mutation: You are agile. (Dex +2) [evolution]
  7769 | D:9      | Lost mutation: You evolve. [end of evolution]
  7870 | D:9      | Found a burning altar of Makhleb.
  7879 | D:9      | Noticed a cacodemon
  8055 | D:9      | Found a roughly hewn altar of Beogh.
  8058 | D:9      | Reached skill level 10 in Armour
  8389 | D:9      | Noticed Pikel
  8453 | D:9      | Found a transporter.
  8474 | D:9      | Noticed a two-headed ogre
  8474 | D:9      | Noticed omer1ben's ghost (novice OpFE)
  8475 | D:9      | Found a bloodstained altar of Trog.
  8475 | D:9      | Noticed a moth of wrath
  8498 | D:9      | Noticed a cyclops
  8505 | D:9      | Found a transporter.
  8524 | D:9      | Killed Pikel
  8531 | D:9      | Reached XP level 11. HP: 97/101 MP: 10/10
  8564 | D:9      | Killed omer1ben's ghost
  8574 | D:9      | Killed a two-headed ogre
  8574 | D:9      | Reached skill level 10 in Dodging
  8906 | D:10     | Entered Level 10 of the Dungeon
  8906 | D:10     | Found a transporter.
  8912 | D:10     | Found a transporter.
  8940 | D:10     | Noticed Thargor's ghost (journeyman GnEE)
  8941 | D:10     | Identified the cursed +1 great mace of Punishment {speed,
                  | rPois rF+ Str+3 Stlth-}
  8941 | D:10     | Noticed a two-headed ogre
  8995 | D:10     | Killed Thargor's ghost
  9000 | D:10     | Killed a two-headed ogre
  9010 | D:10     | Got a crystal dagger
  9027 | D:10     | Identified the cursed +3 dagger of Yhorhan {flame, rElec
                  | rF+} (You found it on level 10 of the Dungeon)
  9097 | D:10     | Noticed a death yak
  9099 | D:10     | Noticed a death yak
  9101 | D:10     | Noticed a death yak
  9105 | D:10     | Killed a death yak
  9105 | D:10     | Reached skill level 1 in Maces & Flails
  9118 | D:10     | Killed a death yak
  9123 | D:10     | Killed a death yak
  9235 | D:10     | Found a staircase to the Lair.
  9277 | D:10     | Noticed an unseen horror
  9304 | D:10     | Killed an unseen horror
  9341 | D:10     | Found Xipul's Weapon Shop.
  9343 | D:10     | Found a staircase to the Orcish Mines.
  9361 | D:10     | Received a gift from Trog
  9361 | D:10     | Reached XP level 12. HP: 89/112 MP: 11/11
  9371 | D:10     | Found Vehaj's Armour Shop.
  9431 | D:10     | Bought a +4 ring mail of magic resistance for 434 gold
                  | pieces
  9568 | D:10     | Found a basalt altar of Yredelemnul.
  9630 | D:10     | Noticed Maurice
  9649 | D:10     | Killed Maurice
  9944 | Orc:1    | Entered Level 1 of the Orcish Mines
 10394 | Orc:1    | Noticed Erica
 10400 | Orc:1    | Killed Erica
 10400 | Orc:1    | Reached skill level 5 in Maces & Flails
 10579 | Orc:2    | Entered Level 2 of the Orcish Mines
 10689 | Orc:2    | Noticed an orc high priest
 10709 | Orc:2    | Killed an orc high priest
 10780 | Orc:2    | Found Tugup's General Store.
 10791 | Orc:2    | Bought a scroll of enchant weapon for 82 gold pieces
 10791 | Orc:2    | Bought a scroll of identify for 22 gold pieces
 10842 | Orc:2    | Noticed Urug
 10846 | Orc:2    | Noticed an orc high priest
 11083 | Orc:2    | Killed Urug
 11087 | Orc:2    | Killed an orc high priest
 11153 | Orc:2    | Found Ikeg's Antique Weapon Emporium.
 11166 | Orc:2    | Noticed an orc warlord
 11166 | Orc:2    | Noticed an orc high priest
 11166 | Orc:2    | Noticed an orc high priest
 11197 | Orc:1    | Reached ****** piety under Trog
 11499 | Orc:1    | Killed an orc warlord
 11760 | Orc:2    | Killed an orc high priest
 11811 | Orc:2    | Paralysed by an orc sorcerer for 6 turns
 11839 | Orc:2    | Noticed an orc high priest
 11845 | Orc:2    | Killed an orc high priest
 11901 | Orc:2    | Found Codwunil's Antique Armour Shop.
 11910 | Orc:2    | Bought a faintly glowing plate armour for 756 gold pieces
 11935 | Orc:2    | Reached XP level 13. HP: 122/122 MP: 12/12
 12107 | Orc:2    | Found Isiojag's Jewellery Shop.
 12248 | Orc:2    | Found a staircase to the Elven Halls.
 12353 | Orc:2    | Identified the +4 plate armour "Lyir Zee" {*Corrode Int+2
                  | Dex+3} (You bought it in a shop on level 2 of the Orcish
                  | Mines)
 12381 | Elf:1    | Entered Level 1 of the Elven Halls
 13529 | Elf:1    | Received a gift from Trog
 13636 | Elf:1    | Noticed a deep elf death mage
 13642 | Elf:1    | Killed a deep elf death mage
 13652 | Elf:1    | Identified the Almanac of Evil
 14778 | Elf:2    | Found a huge runed translucent gate.
 14778 | Elf:2    | Found a huge runed translucent gate.
 14778 | Elf:2    | Found a huge runed translucent gate.
 14778 | Elf:2    | Found a huge runed translucent gate.
 14778 | Elf:2    | Found a huge runed translucent gate.
 14902 | Elf:2    | Reached XP level 14. HP: 133/133 MP: 4/13
 15140 | Elf:2    | Reached skill level 10 in Maces & Flails
 15423 | Elf:2    | Identified the Compendium of Axaxaxas mlö
 15433 | Elf:2    | Identified Sif Muna's Grimoire of Plaster Cramp
 15449 | Elf:2    | Identified the Catalogue of Sand
 15707 | Elf:2    | Received a gift from Trog
 15731 | Elf:2    | Lost mutation: You are agile. (Dex +2) [potion of mutation]
 15731 | Elf:2    | Lost mutation: You are dopey. (Int -2) [potion of mutation]
 15731 | Elf:2    | Gained mutation: Your body sometimes deteriorates upon
                  | taking damage. [potion of mutation]
 15731 | Elf:2    | Gained mutation: You are agile. (Dex +2) [potion of
                  | mutation]
 15732 | Elf:2    | HP: 6/133 [poisoned by a +3 double sword of venom]
 15733 | Elf:2    | HP: 1/133 [poisoned by a +3 double sword of venom]
 15734 | Elf:2    | Succumbed to a +3 double sword of venom's poison

Levels and vault maps discovered:
D:1:      doesnt_arrival_eight_statues, layout_loops_ring
D:2:      layout_loops_corners, minmay_statues_item
D:3:      corexii_shack_village, layout_basic, minitemple, first_ration,
          okawaru_altar_gauntlet_db, uniq_terence, uniq_ijyb
D:4:      layout_gridville
D:5:      minmay_spotlight, layout_gridville, nicolae_tso_carved_into_rock
D:6:      layout_loops_corners, basic_altar, serial_co_window_serial,
          co_window_corner_a, co_window_paths_a, co_window_cross_1,
          co_window_paths_a, co_window_paths_a, co_window_cross_1,
          co_window_2corner, co_window_of_opportunity_b, co_window_paths_c,
          co_window_4corner_a, co_window_paths_d, glass_columns_b,
          glass_columns_a, chequers_serial_rivers_room_b
D:7:      layout_loops_ring, minmay_temple_entry_waves, serial_shops, shop,
          grunt_livestock, uniq_harold, uniq_duvessa
D:8:      layout_basic
D:9:      layout_grid_maze, special_room [special_room_orc],
          gammafunk_ghost_wrathful_warriors, makhleb_altar_promises_db,
          uniq_pikel
D:10:     layout_cross, dpeg_lair_monsters, orc_david_3, basic_altar,
          gammafunk_ghost_smash, hangedman_decor_opposing, uniq_maurice
Temple:   regret_index_temple_sphere_string
Orc:1:    layout_diamond_mine, mines2_lemuel, uniq_fannar, uniq_erica
Orc:2:    grunt_orc_gardens, layout_caves, grunt_orc_garden, grunt_orc_garden,
          grunt_orc_garden, grunt_orc_garden, enter_volcano_3, uniq_urug
Elf:1:    eino_elf_arrival_shootout, layout_geoelf_grid, minmay_elf_necromancy,
          nicolae_elf_v_pinch
Elf:2:    layout_onion_city, bh_hangedman_babel_library

Skill      XL: |  1  2  3  4  5  6  7  8  9 10 11 12 13 14 |
---------------+-------------------------------------------+-----
Axes           | 4 5 6 8 9 10 11 | 11.5
Fighting       | 4 5 6 7 9 10 12 13 14 | 14.8
Armour         | 3 4 5 6 7 8 10 11 13 14 | 14.6
Dodging        | 3 4 5 6 8 9 11 12 13 | 13.6
Maces & Flails | 3 7 9 10 | 10.4

Action                   |  1- 3 |  4- 6 |  7- 9 | 10-12 | 13-15 || total
-------------------------+-------+-------+-------+-------+-------++-------
Melee: Hand axe          |    89 |   127 |   263 |       |       ||   479
       Headbutt          |    12 |    35 |    65 |   143 |    87 ||   342
       Flail             |       |    50 |       |       |       ||    50
       Broad axe         |       |       |    23 |   271 |   180 ||   474
       Great mace        |       |       |       |   350 |    78 ||   428
Invok: Berserk           |       |     2 |     3 |    10 |     6 ||    21
       Trog's Hand       |       |       |     1 |     7 |     5 ||    13
Evoke: Wand              |       |       |       |       |     1 ||     1
  Use: Scroll            |     1 |     6 |     4 |     9 |     9 ||    29
       Potion            |       |     3 |     7 |     3 |     4 ||    17
  Eat: Chunk             |     1 |    11 |    11 |    19 |     8 ||    50
       Ration            |       |       |       |     4 |     3 ||     7
Armor: Animal skin       |     8 |       |       |       |       ||     8
       Leather armour    |    26 |     2 |       |       |       ||    28
       Plate armour      |       |   113 |   130 |   128 |   104 ||   475
       Skin              |       |       |     1 |       |       ||     1
       Ring mail         |       |       |       |    93 |     7 ||   100
Dodge: Dodged            |    68 |    59 |   117 |   374 |   149 ||   767
Block: Other             |       |     6 |    17 |    57 |    12 ||    92
       Reflection        |       |     1 |     1 |     9 |     5 ||    16
       Buckler           |       |       |    22 |    89 |    67 ||   178

Table legend:
 A = Non-vault XP
 B = Vault XP
 C = Vault XP percentage of total XP
 D = Non-vault monster count
 E = Vault monster count
 F = Vault count percentage of total count
                 A         B        C        D         E       F
            +---------+---------+-------+---------+---------+-------
      Total |   39713 |   33572 |  45.8 |     369 |     125 |  25.3
            +---------+---------+-------+---------+---------+-------
        D:1 |      66 |       0 |   0.0 |      35 |       0 |   0.0
        D:2 |      55 |       0 |   0.0 |      25 |       0 |   0.0
        D:3 |     135 |     107 |  44.2 |      26 |      19 |  42.2
        D:4 |     161 |       0 |   0.0 |       2 |       0 |   0.0
        D:5 |     713 |       0 |   0.0 |      26 |       0 |   0.0
        D:6 |    1539 |       0 |   0.0 |      40 |       0 |   0.0
        D:7 |    1118 |    2159 |  65.9 |      37 |       8 |  17.8
        D:8 |    1780 |       0 |   0.0 |      23 |       0 |   0.0
        D:9 |    2010 |    4689 |  70.0 |      38 |      32 |  45.7
       D:10 |    3168 |    6059 |  65.7 |      33 |      21 |  38.9
      Orc:1 |    2487 |    4173 |  62.7 |      30 |      10 |  25.0
      Orc:2 |    1165 |    8455 |  87.9 |      10 |      21 |  67.7
      Elf:1 |   11212 |    5910 |  34.5 |      20 |      11 |  35.5
      Elf:2 |   14104 |    2020 |  12.5 |      24 |       3 |  11.1
            +---------+---------+-------+---------+---------+-------
